 Dungeon Crawl Stone Soup version 0.29.1-15-g9cfb28693d (webtiles) character file.

Game seed: 11567762766257230968

272 tizbic2 the Caller (level 5, -3/41 HPs)
             Began as a Demigod Summoner on Apr 10, 2023.
             Slain by a gnoll
             ... wielding a +0 flail
              (6 damage)
             ... on level 4 of the Dungeon.
             The game lasted 00:10:32 (3212 turns).

tizbic2 the Caller (Demigod Summoner)               Turns: 3212, Time: 00:10:33

Health: -3/41      AC:  7    Str:  9    XL:     5   Next: 71%
Magic:  10/11      EV: 13    Int: 21    God:
Gold:   166        SH:  0    Dex: 14    Spells: 5/9 levels left

rFire   + . .      SeeInvis .   A - +0 mace
rCold   + . .      Faith    .   (no shield)
rNeg    + . .      Spirit   .   v - +1 robe {rN+}
rPois   +          Reflect  .   C - +0 helmet
rElec   +          Harm     .   c - +2 cloak
rCorr   +          Rampage  .   (no gloves)
Will    .....                   (no boots)
Stlth   ++........              (no amulet)
HPRegen 0.13/turn               (no ring)
MPRegen 0.12/turn               (no ring)

@: lethally poisoned (-3 -> -9), resistant
A: high MP 1, forlorn, divine attributes
a: no special abilities


You were on level 4 of the Dungeon.
You visited 1 branch of the dungeon, and saw 4 of its levels.

You collected 166 gold pieces.

Inventory:

Hand Weapons
 d - a +0 dagger
 p - a +0 hand axe
 A - a +0 mace (weapon)
Missiles
 i - 44 stones
 x - 4 poisoned darts
 y - 4 silver boomerangs
Armour
 c - a +2 cloak (worn)
 e - a +0 leather armour
 k - a +0 scale mail
 o - a +0 chain mail
 v - a +1 robe of positive energy (worn)
 w - a +0 ring mail
 C - a +0 helmet (worn)
Wands
 z - a wand of paralysis (11)
Scrolls
 f - a scroll of enchant weapon {unknown}
 g - a scroll of poison {unknown}
 h - a scroll of butterflies {unknown}
 j - a scroll of amnesia {unknown}
 m - 2 scrolls of teleportation {unknown}
 r - a scroll of fear {unknown}
 t - a scroll of identify {unknown}
Potions
 a - 2 potions of resistance
 b - a potion of magic
 l - 2 potions of mutation {unknown}
 n - a potion of attraction {unknown}
 q - a potion of berserk rage {unknown}
 s - a potion of heal wounds {unknown}
 u - 2 potions of brilliance {unknown}


   Skills:
 + Level 1.8 Fighting
 + Level 2.9 Dodging
 - Level 1.7 Stealth
 + Level 2.6 Spellcasting
 + Level 4.2 Summonings
 * Level 2.8 Air Magic


You had 5 spell levels left.
You knew the following spells:

 Your Spells              Type           Power      Damage    Failure   Level
a - Summon Small Mammal   Summ           80%        N/A       2%          1
b - Call Canine Familiar  Summ           20%        N/A       7%          3

Your spell library contained the following spells:

 Spells                   Type           Power      Damage    Failure   Level
 Call Imp                 Summ           20%        N/A       3%          2
 Summon Guardian Golem    Hex/Summ       11%        N/A       17%         3
 Summon Lightning Spire   Summ/Air       17%        N/A       32%         4


Dungeon Overview and Level Annotations

Branches:
Dungeon (4/15)
 Temple: D:4-7

Shops:
D:2 (


Innate Abilities, Weirdness & Mutations

You have an increased reservoir of magic. (+10% MP)
You shall have no god before yourself.
Your divine heritage dramatically boosts your attributes as you level up.


Message History

Your hound bites the gnoll but does no damage.
The adder bites you but does no damage. The gnoll closely misses your hound.
The gnoll misses you. The gnoll closely misses your hound.
Your hound barely misses the gnoll.
You barely miss the adder.
The adder is almost dead.
You feel very sick. The adder closely misses you.
Your hound completely misses the gnoll.
The gnoll hits your hound with a +0 club.
Your hound dies!
Your hound's corpse disappears in a puff of smoke!
The gnoll barely misses you. The adder closely misses you.
You sock the adder!
You kill the adder!
You feel very sick.
The gnoll hits you from afar with a +0 spear of venom.
You are more poisoned.
The gnoll closely misses you. The gnoll attacks as you move away!
The gnoll hits you with a +0 flail.
You feel very sick. The gnoll attacks as you move away!
The gnoll hits you with a +0 flail.
You feel sick.
The gnoll hits you from afar with a +0 spear of venom.
You are lethally poisoned!
* * * LOW HITPOINT WARNING * * *
You feel very sick.
There is a stone staircase leading down here.
* * * LOW HITPOINT WARNING * * *
You feel sick. The gnoll hits you with a +0 flail.
* * * LOW HITPOINT WARNING * * *
The gnoll barely misses you.
You climb downwards.
* * * LOW HITPOINT WARNING * * *
You feel sick.
There is a stone staircase leading up here.
It was a potion of resistance.
You feel protected.
* * * LOW HITPOINT WARNING * * *
You feel sick. The gnoll hits you with a +0 flail.
You die...

# ###.#
....# .... #
### #..#..#
##.g#......#
#...@...#
S........#.#
......#.##
......#.#
..... #.#
...g. #.#
.... #..
#### ###


You could see a gnoll, a hobgoblin (asleep) and a ball python (asleep).

Vanquished Creatures
  2 vampire bats (D:3)
  2 adders
  A dart slug (D:1)
  An orc (D:3)
  A ball python (D:2)
  6 bats
  An endoplasm (D:3)
  4 giant cockroaches
  6 goblins
  2 hobgoblins
  A quokka (D:1)
  A kobold (D:2)
  3 rats
31 creatures vanquished.

Vanquished Creatures (collateral kills)
  Terence (D:3)
  Jessica (D:3)
  Robin (D:3)
  3 adders
  2 dart slugs
  An orc (D:3)
  2 ball pythons (D:3)
  9 bats
  4 endoplasms
  2 giant cockroaches (D:1)
  4 goblins (D:3)
  7 hobgoblins
  A quokka (D:2)
  A frilled lizard (D:2)
  4 kobolds
  A rat (D:2)
44 creatures vanquished.

Grand Total: 75 creatures vanquished

Notes
Turn   | Place    | Note
-------+----------+-------------------------------------------
     0 | D:1      | tizbic2 the Demigod Summoner began the quest for the Orb.
     0 | D:1      | Reached XP level 1. HP: 14/14 MP: 5/5
   260 | D:1      | Reached XP level 2. HP: 10/22 MP: 4/7
   439 | D:1      | You fall into a shaft and drop 1 floor!
   599 | D:1      | Reached skill level 1 in Air Magic
  1437 | D:2      | Reached XP level 3. HP: 27/27 MP: 5/8
  1447 | D:2      | Learned a level 3 spell: Call Canine Familiar
  1484 | D:2      | Found Qyahifiom's Weapon Shoppe.
  1640 | D:2      | Reached skill level 1 in Fighting
  2229 | D:3      | Noticed Terence
  2245 | D:3      | Reached XP level 4. HP: 7/35 MP: 2/10
  2245 | D:3      | HP: 1/35 [Terence/+0 hand axe (6)]
  2247 | D:3      | Killed Terence
  2248 | D:3      | Reached skill level 4 in Summonings
  2581 | D:3      | Noticed Jessica
  2586 | D:3      | Killed Jessica
  3027 | D:3      | Noticed Robin
  3036 | D:3      | Reached XP level 5. HP: 37/40 MP: 6/11
  3043 | D:3      | Killed Robin
  3212 | D:4      | Slain by a gnoll

Illustrated notes

Levels and vault maps discovered:
D:1:      wheals_arrival_linesprint, layout_rooms, minmay_misc_feat_rows
D:2:      layout_basic, serial_shops, nicolae_diamond_shop,
          grunt_decor_mini_mirrors
D:3:      layout_rooms, lemuel_crystal_altar, nicolae_overflow_hidden_temple,
          chequers_ecumenical_altar_simple_redux, eino_tiny_chamber,
          roderic_batcave, grunt_ministairs_14, minmay_puff, uniq_terence,
          uniq_robin, uniq_jessica
D:4:      layout_basic, nicolae_wu_jian_immortal_techniques,
          nicolae_underground_beach, uniq_pikel

Skill      XL: |  1  2  3  4 |
---------------+-------------+-----
Dodging        | 2 |  2.9
Air Magic      | 1 2 |  2.8
Spellcasting   | 2 |  2.6
Fighting       | 1 |  1.8
Summonings     | 4 |  4.2
Stealth        | |  1.7

Action                   |  1- 3 |  4- 6 || total
-------------------------+-------+-------++-------
Melee: Unarmed           |    18 |       ||    18
       Dagger            |    85 |    49 ||   134
       Mace              |       |    23 ||    23
 Cast: Summon Small Mamm |    21 |     4 ||    25
       Call Canine Famil |     8 |     5 ||    13
  Use: Potion            |     1 |     2 ||     3
 Stab: Distracted        |     1 |       ||     1
       Sleeping          |       |     1 ||     1
Armor: Robe              |     5 |    46 ||    51
       Leather armour    |    33 |       ||    33
Dodge: Dodged            |    88 |    87 ||   175
